 Dungeon Crawl Stone Soup version 0.30-a0-847-g17996783a1 (webtiles) character file.

Game seed: 8624862566878598000

12478 oldriver the Cleaver (level 12, -7/108 HPs)
             Began as a Meteoran Reaver on Mar 3, 2023.
             Was a High Priest of Okawaru.
             Mangled by a skyshark (25 damage)
             ... on level 4 of the Lair of Beasts.
             The game lasted 00:33:53 (6219 turns).

oldriver the Cleaver (Meteoran Reaver)              Turns: 6219, Time: 00:33:54

Health: -7/108     AC: 21    Str: 25    XL:     12   Next: 50%
Magic:  18/19      EV: 13    Int: 11    God:    Okawaru [*****.]
Gold:   243        SH:  0    Dex: 13    Spells: 14/17 levels left

rFire   . . .      SeeInvis +    b - +11 hand axe of Qoasuth {flame, rC+ rCorr Str+3}
rCold   + . .      Faith    .    (no shield)
rNeg    . . .      Spirit   .    H - +2 chain mail {Will+}
rPois   +          Reflect  .    r - +0 hat of the Robin {rPois Will+ Slay+3}
rElec   .          Rampage  +    F - +0 cloak of Yvin {Rampage Will+ Str+4 Int-5}
rCorr   +                        (no gloves)
Will    ++++.                    m - +1 pair of boots Stlth
                                 (no amulet)
HPRegen 0.38/turn                d - ring of see invisible
MPRegen 0.16/turn                V - +4 ring of protection

@: heroic, glowing
A: sense surroundings 2, otherworldly, glowing, explore regen
a: Renounce Religion, Heroism, Finesse, Duel


You were on level 4 of the Lair of Beasts.
You worshipped Okawaru.
Okawaru was extremely pleased with you.
You visited 3 branches of the dungeon, and saw 13 of its levels.

You collected 1544 gold pieces.
You spent 1301 gold pieces at shops.

Inventory:

Hand Weapons
 b - the +11 hand axe of Qoasuth (weapon) {flame, rC+ rCorr Str+3}
   (You bought it in a shop on level 5 of the Dungeon)

   Str:       It affects your strength (+3).
   rC:        It protects you from cold.
   rCorr:     It protects you from acid and corrosion.
 u - a +0 sling
 R - a +4 heavy arbalest
Missiles
 a - 94 stones (quivered)
 k - 12 javelins
 s - 8 poisoned darts
 D - 3 atropa-tipped darts
 K - 4 curare-tipped darts
 M - 6 silver javelins
Armour
 m - a +1 pair of boots (worn)
 r - the +0 hat of the Robin (worn) {rPois Will+ Slay+3}
   (You acquired it in the Ecumenical Temple)

   Slay:      It affects your accuracy & damage with ranged weapons and melee
   (+3).
   rPois:     It protects you from poison.
   Will:      It increases your willpower.
 w - the +0 leather armour of Horch {Slay+5}
   (You found it on level 5 of the Dungeon)

   Slay:      It affects your accuracy & damage with ranged weapons and melee
   (+5).
 F - the +0 cloak of Yvin (worn) {Rampage Will+ Str+4 Int-5}
   (You bought it in a shop on level 7 of the Dungeon)

   Str:       It affects your strength (+4).
   Int:       It affects your intelligence (-5).
   Rampage:   It bestows one free step when moving towards enemies.
   Will:      It increases your willpower.
 H - a +2 chain mail of willpower (worn)
Jewellery
 d - a ring of see invisible (left hand)
 h - a ring of flight
 n - a ring of willpower
 x - a ring of ice
 I - a ring of magical power
 S - a ring of wizardry
 V - a +4 ring of protection (right hand)
Wands
 t - a wand of flame (31)
 y - a wand of mindburst (29)
 A - a wand of light (11)
 E - a wand of roots (16)
 Q - a wand of digging (1)
Scrolls
 c - 2 scrolls of fear
 f - 5 scrolls of magic mapping
 o - 2 scrolls of immolation {unknown}
 p - a scroll of teleportation
 C - 2 scrolls of blinking {unknown}
 N - 2 scrolls of poison
 O - a scroll of fog
 P - a scroll of amnesia {unknown}
Potions
 e - a potion of lignification
 g - 2 potions of degeneration
 i - 2 potions of magic
 j - 2 potions of curing
 l - 2 potions of might {unknown}
 q - 2 potions of attraction
 v - a potion of mutation {unknown}
 z - 2 potions of flight
 L - a potion of haste {unknown}
 T - a potion of resistance {unknown}
Miscellaneous
 G - a lightning rod (4/4)


   Skills:
 + Level 10.8(15.8) Fighting
 - Level 13.0(19.0) Axes
 - Level 9.0(17.6) Maces & Flails
 + Level 4.6(9.6) Throwing
 - Level 5.0(10.0) Armour
 + Level 6.1(11.1) Dodging
 - Level 3.0 Spellcasting
 - Level 4.0 Conjurations
 - Level 1.0 Translocations
 + Level 8.0 Invocations


You had 14 spell levels left.
You knew the following spells:

 Your Spells              Type           Power      Damage    Failure   Level
a - Kiss of Death         Conj/Necr      24%        2d7       50%         1
b - Momentum Strike       Conj/Tloc      14%        3d8       56%         2

Your spell library contained the following spells:

 Spells                   Type           Power      Damage    Failure   Level
 Hailstorm                Conj/Ice       6%         3d4       86%         3
 Cigotuvi's Dreadful Rot  Necr/Pois/Air  2%         N/A       89%         2
 Ensorcelled Hibernation  Hex/Ice        2%         N/A       89%         2
 Passwall                 Tmut/Erth      0%         N/A       89%         2
 Poisonous Vapours        Pois/Air       2%         N/A       89%         2
 Mephitic Cloud           Conj/Pois/Air  4%         N/A       93%         3
 Vhi's Electric Charge    Tloc/Air       4%         N/A       97%         3
 Frozen Ramparts          Ice            2%         1d1       98%         3
 Swiftness                Air            1%         N/A       98%         3
 Ice Form                 Ice/Tmut       1%         N/A       100%        4
 Arcjolt                  Conj/Air       3%         1d13      100%        5
 Maxwell's Capacitive Co  Air            0%         ∞         100%        8
 Summon Ice Beast         Ice/Summ       Unusable   N/A       N/A         4

Dungeon Overview and Level Annotations

Branches:
Dungeon (8/15) Zot: 225    Temple (1/1) D:4 Zot: 373    Lair (4/5) D:8 Zot: 1034
  Swamp (0/4) Lair:2        Snake (0/4) Lair:2
  Slime: Lair:4-5

Altars:
Ashenzari
Cheibriados
Dithmenos
Elyvilon
Fedhas
Hepliaklqana
Kikubaaqudgha
Makhleb
Nemelex Xobeh
Okawaru
Qazlal
Ru
Sif Muna
Trog
Uskayaw
Vehumet
Wu Jian
Xom
Yredelemnul
The Shining One

Shops:
D:5 *([   D:7 [

Annotations:
D:7 3 runed translucent doors, zenocrate's ghost, novice FoHu
Lair:3 1 runed translucent door, retardedninja's ghost, journeyman GnFi


Innate Abilities, Weirdness & Mutations

You passively map the area around you.
You are easily found by Zot.
You glow in the dark.
You regain HP and MP as you explore.


Message History

The skyshark tastes blood and grows stronger!
The skyshark tail-slaps you. x2
You closely miss the skyshark. Your punch misses the skyshark.
The skyshark is heavily wounded.
The skyshark barely misses you. The skyshark tail-slaps you.
The skyshark tail-slaps you but does no damage.
You slash the skyshark! You burn the skyshark.
The skyshark is heavily wounded.
You hit the skyshark. You burn the skyshark.
The skyshark is severely wounded.
The skyshark bites you!
The skyshark enters a blood-rage!
You fall asleep.
The skyshark tail-slaps you!!
You wake up.
The skyshark completely misses you.
You hit the skyshark but do no damage.
The skyshark is severely wounded.
The skyshark barely misses you.
The skyshark tail-slaps you but does no damage.
The skyshark tail-slaps you.
You slash the skyshark! You burn the skyshark.
The skyshark is severely wounded.
The skyshark bites you. The skyshark tail-slaps you.
The skyshark completely misses you.
You hit the skyshark. You burn the skyshark.
The skyshark is severely wounded.
You hit the skyshark but do no damage.
The skyshark is severely wounded.
The skyshark closely misses you. The skyshark tail-slaps you.
The skyshark tail-slaps you!
* * * LOW HITPOINT WARNING * * *
You slash the skyshark! You burn the skyshark.
The skyshark is almost dead.
The skyshark bites you!
* * * LOW HITPOINT WARNING * * *
The skyshark tail-slaps you but does no damage.
The skyshark misses you.
You hit the skyshark but do no damage.
You punch the skyshark, but do no damage.
The skyshark is almost dead.
The skyshark bites you!!
You die...

....,, *,* , , , * ** .+##**,,
,.###..* .. * ..# , .#8..
*...## , ..P# , ,
*...>,.....## , .... * , ,,
... ...... ,,, ....* ,
..8#...+ ,.. , .... ,, #
#,.##...##**..# * , ...**
.##.#.#l.....#*#..## , .#####
.......@.....##.P..#* ..#..#.
............b..$.... ,,,
....... ....................
....... ...................
.............P..........###, ,
..........#PP##P##......###..#
, #.#.#.....######
##...........,, .####....P
##.#####........... ,
...##....###.....*#..P~~.~....
,


You could see a skyshark (berserk).

Vanquished Creatures
  A hydra (Lair:2)
  A two-headed ogre (D:8)
  Urug (Lair:1)
  Nergalle (Lair:2)
  2 black mambas
  Maggie (D:6)
  4 cane toads
  3 komodo dragons
  2 tyrant leeches (Lair:2)
  A polar bear (Lair:3)
  2 hornets
  3 blink frogs (Lair:3)
  5 yaks (Lair:3)
  A basilisk (Lair:3)
  A wyvern (Lair:1)
  A steam dragon (D:7)
  Eustachio (D:5)
  A naga (Lair:2)
  3 water moccasins
  3 black bears
  3 orc warriors
  3 ice beasts
  A sky beast (D:7)
  An ogre (D:4)
  8 wolves (Lair:2)
  3 centaurs
  A phantom (D:6)
  5 bullfrogs
  6 scorpions
  A gnoll sergeant (D:7)
  5 wights (D:7)
  2 howler monkeys
  2 jellies
  2 gnoll boudas
  4 orc priests
  Ijyb (D:4)
  An iguana (D:4)
  3 sleepcaps
  7 orc wizards
  6 hell rats (Lair:3)
  16 gnolls
  8 adders
  A shadow imp (D:6)
  A white imp (D:7)
  4 ufetubi
  A worm (D:4)
  2 dart slugs
  18 orcs
  4 ball pythons
  8 endoplasms
  5 giant cockroaches
  3 goblins
  6 hobgoblins
  3 jackals (D:1)
  12 kobolds
  A quokka (D:1)
  5 bats
  5 frilled lizards
  4 rats
210 creatures vanquished.

Vanquished Creatures (others)
  A gnoll (D:7)
  19 plants
20 creatures vanquished.

Grand Total: 230 creatures vanquished

Notes
Turn   | Place    | Note
-------+----------+-------------------------------------------
     0 | D:1      | oldriver the Meteoran Reaver began the quest for the Orb.
     0 | D:1      | Reached XP level 1. HP: 17/17 MP: 5/5
    53 | D:1      | Reached XP level 2. HP: 9/22 MP: 4/6
    73 | D:1      | Learned a level 2 spell: Momentum Strike
   189 | D:1      | Reached skill level 5 in Maces & Flails
   189 | D:1      | Reached XP level 3. HP: 10/20 MP: 6/8
   351 | D:2      | Found a shimmering altar of Xom.
   374 | D:2      | Reached XP level 4. HP: 14/29 MP: 9/9
   907 | D:2      | Reached XP level 5. HP: 9/36 MP: 7/10
   935 | D:2      | Reached skill level 1 in Translocations
  1052 | D:3      | Reached skill level 1 in Armour
  1207 | D:3      | Reached XP level 6. HP: 15/50 MP: 11/11
  1528 | D:4      | Identified a scroll of acquirement
  1528 | D:4      | Acquired 963 gold pieces
  1649 | D:4      | Reached XP level 7. HP: 58/58 MP: 9/12
  1848 | D:4      | Found a hide-covered altar of Uskayaw.
  1849 | D:4      | Found a shadowy altar of Dithmenos.
  1940 | D:4      | Found a staircase to the Ecumenical Temple.
  1971 | Temple   | Entered the Ecumenical Temple
  2154 | Temple   | Became a worshipper of Warmaster Okawaru
  2155 | Temple   | Acquired the +0 hat of the Robin {rPois Will+ Slay+3}
  2223 | D:4      | Noticed Ijyb
  2231 | D:4      | Killed Ijyb
  2248 | D:4      | Found a sparkling altar of Nemelex Xobeh.
  2286 | D:4      | Found a radiant altar of Vehumet.
  2296 | D:4      | Reached skill level 1 in Invocations
  2296 | D:4      | Reached XP level 8. HP: 66/67 MP: 13/13
  2435 | D:5      | Entered Level 5 of the Dungeon
  2469 | D:5      | Reached skill level 5 in Fighting
  2498 | D:5      | Identified the +0 leather armour of Horch {Slay+5}
  2570 | D:5      | Found Houcappa's Weapon Emporium.
  2578 | D:5      | Bought the +11 hand axe of Qoasuth {flame, rC+ rCorr Str+3}
                  | for 1121 gold pieces
  2581 | D:5      | Found Comir's General Store.
  2735 | D:5      | Reached * piety under Okawaru
  2736 | D:5      | Reached skill level 1 in Axes
  2753 | D:5      | Reached skill level 2 in Axes
  2787 | D:5      | Found Opsawny's Antique Armour Boutique.
  2837 | D:5      | Noticed Eustachio
  2845 | D:5      | Killed Eustachio
  2846 | D:5      | Reached skill level 3 in Axes
  2846 | D:5      | Gained mutation: You passively map the area around you.
                  | [Meteoran growth]
  2846 | D:5      | Reached XP level 9. HP: 62/74 MP: 14/14
  2969 | D:6      | Noticed Maggie
  2983 | D:6      | Killed Maggie
  2984 | D:6      | Reached skill level 4 in Axes
  2984 | D:6      | Reached skill level 5 in Dodging
  3013 | D:6      | Reached skill level 5 in Axes
  3071 | D:6      | Reached ** piety under Okawaru
  3149 | D:6      | Found a snail-covered altar of Cheibriados.
  3397 | D:6      | Reached skill level 6 in Axes
  3478 | D:6      | Noticed a hornet
  3487 | D:6      | Killed a hornet
  3503 | D:7      | Reached skill level 7 in Axes
  3518 | D:7      | Reached XP level 10. HP: 52/86 MP: 12/15
  3585 | D:7      | Found Qubanuib's Armour Boutique.
  3609 | D:7      | Reached skill level 8 in Axes
  3763 | D:8      | Found a staircase to the Lair.
  3764 | D:8      | Noticed a komodo dragon
  3777 | D:8      | Killed a komodo dragon
  3921 | D:7      | Bought the +0 cloak of Yvin {Rampage Will+ Str+4 Int-5} for
                  | 180 gold pieces
  3981 | D:7      | Found a runed translucent gate.
  3981 | D:7      | Noticed zenocrate's ghost (novice FoHu)
  3982 | D:7      | Found a runed translucent gate.
  3991 | D:7      | Noticed a boulder beetle
  3999 | D:7      | Found a runed translucent gate.
  4041 | D:7      | Reached skill level 9 in Axes
  4043 | D:7      | Reached *** piety under Okawaru
  4141 | D:8      | Noticed a two-headed ogre
  4147 | D:8      | Killed a two-headed ogre
  4148 | D:8      | Reached skill level 10 in Axes
  4260 | D:7      | Reached **** piety under Okawaru
  4353 | D:7      | Reached skill level 11 in Axes
  4445 | D:8      | Reached XP level 11. HP: 95/95 MP: 16/16
  4796 | Lair:1   | Entered Level 1 of the Lair of Beasts
  5009 | Lair:1   | Noticed Urug
  5017 | Lair:1   | Killed Urug
  5017 | Lair:1   | Reached ***** piety under Okawaru
  5018 | Lair:1   | Reached skill level 5 in Invocations
  5116 | Lair:2   | Reached skill level 1 in Throwing
  5125 | Lair:2   | Reached skill level 12 in Axes
  5210 | Lair:2   | Found a staircase to the Snake Pit.
  5219 | Lair:2   | Reached skill level 5 in Armour
  5302 | Lair:2   | Noticed a black mamba
  5311 | Lair:2   | Killed a black mamba
  5311 | Lair:2   | Received a gift from Okawaru
  5332 | Lair:2   | Found a staircase to the Swamp.
  5468 | Lair:2   | Noticed a five-headed hydra
  5473 | Lair:2   | Killed a two-headed hydra
  5475 | Lair:2   | Noticed Nergalle
  5481 | Lair:2   | Killed Nergalle
  5482 | Lair:2   | Reached skill level 10 in Fighting
  5482 | Lair:2   | Reached XP level 12. HP: 80/106 MP: 15/18
  5561 | Lair:3   | Reached skill level 13 in Axes
  5857 | Lair:3   | Found a runed translucent door.
  5860 | Lair:3   | Noticed retardedninja's ghost (journeyman GnFi)
  6203 | Lair:4   | Noticed a skyshark
  6219 | Lair:4   | Mangled by a skyshark

Illustrated notes

Levels and vault maps discovered:
D:1:      nicolae_arrival_washed_ashore, layout_loops_ring,
          nicolae_figureground_pulse
D:2:      layout_basic, basic_altar
D:3:      layout_loops_ring
D:4:      layout_loops_corners, nemelex_diamond_rough_becter,
          nicolae_overflow_crystal_walls, gammafunk_temple_overflow_statue,
          minmay_temple_entry_sparse_star, minmay_close_crescents, uniq_ijyb
D:5:      layout_gridville, serial_shops, shop, shop, shop, uniq_eustachio
D:6:      layout_loops_ring, mainiacjoe_overflow_catwalk, nicolae_eternal_life,
          kennysheep_generic_room_11, uniq_maggie
D:7:      layout_rooms, gammafunk_ghost_split, serial_shops,
          nicolae_shop_temple_entry_statues_fountains
D:8:      minmay_weird_star, layout_basic, david_lair_shrubbed
Temple:   bh_familiar_temple
Lair:1:   layout_big_grid, infiniplex_staircase_pool_2, lemuel_fruit_tree,
          uniq_urug
Lair:2:   layout_loops_ring, minmay_swamp_entry_worms,
          guppyfry_snake_entry_garden, uniq_nergalle
Lair:3:   layout_regular_city, hellmonk_ghost_happy_afterlife
Lair:4:   layout_regular_city, st_stairs_6, grunt_megastairs_5,
          infiniplex_staircase_pool, serial_bayou_shore_a, lemuel_fruit_fields,
          uniq_nessos

Skill      XL: |  1  2  3  4  5  6  7  8  9 10 11 12 |
---------------+-------------------------------------+-----
Maces & Flails | 5 6 7 8 9 |  9.0
Fighting       | 3 4 5 7 8 10 | 10.8
Spellcasting   | 3 |  3.0
Translocations | 1 |  1.0
Conjurations   | 4 |  4.0
Armour         | 1 2 3 5 |  5.0
Dodging        | 3 4 5 6 |  6.1
Invocations    | 1 3 7 8 |  8.0
Axes           | 3 7 11 12 13 | 13.0
Throwing       | 3 4 |  4.6

Action                     |  1- 3 |  4- 6 |  7- 9 | 10-12 || total
---------------------------+-------+-------+-------+-------++-------
  Melee: Mace              |    46 |   107 |       |       ||   153
         Punch             |     1 |     1 |     1 |     8 ||    11
         Morningstar       |       |    71 |    31 |       ||   102
         Hand axe          |       |       |    67 |   262 ||   329
  Throw: Stone             |       |     6 |     4 |     7 ||    17
         Dart              |       |       |     6 |       ||     6
   Cast: Kiss of Death     |     3 |     1 |       |       ||     4
         Momentum Strike   |       |     3 |     1 |       ||     4
 Invoke: Heroism           |       |       |     2 |     5 ||     7
         Finesse           |       |       |       |     1 ||     1
  Evoke: Wand              |       |       |     4 |     3 ||     7
    Use: Scroll            |       |    11 |     3 |     5 ||    19
         Potion            |       |     2 |     1 |       ||     3
 Armour: Leather armour    |     8 |    68 |    25 |     2 ||   103
         Skin              |       |    16 |     7 |       ||    23
         Acid dragon scale |       |       |       |    38 ||    38
         Chain mail        |       |       |       |    24 ||    24
  Dodge: Dodged            |    24 |   103 |    57 |    84 ||   268

Table legend: (Time is in decaauts)
 A = Elapsed time spent in this place.
 B = Non-inter-level travel time spent in this place.
 C = Inter-level travel time spent in this place.
 D = Time resting spent in this place.
 E = Time spent auto-exploring this place.
 F = Levels seen in this place.
 G = Mean time per level.
                   A        B        C        D        E       F      G
               +--------+--------+--------+--------+--------+-----+--------+
         Total |   6166 |   5396 |    770 |    188 |    154 |  13 |  474.3 |
       Dungeon |   4574 |   3928 |    646 |    188 |      0 |   8 |  571.8 |
        Temple |    226 |    169 |     57 |      0 |    154 |   1 |  226.0 |
          Lair |   1364 |   1297 |     67 |      0 |      0 |   4 |  341.0 |
               +--------+--------+--------+--------+--------+-----+--------+

Top non-repeatable levels by time:
     D:8: 745 daAuts
     D:4: 705 daAuts
     D:6: 580 daAuts
     D:1: 536 daAuts
     D:3: 517 daAuts
     D:7: 499 daAuts
     D:5: 499 daAuts
     D:2: 491 daAuts
  Lair:3: 443 daAuts
  Lair:2: 430 daAuts
  Lair:1: 267 daAuts
  Temple: 226 daAuts
  Lair:4: 223 daAuts
